 Dungeon Crawl Stone Soup version 0.31-a0-343-g456c268693 (webtiles) character file.

Game seed: 2993449987792495257

9011 Bnni the Martial Artist (level 11, 0/75 HPs)
             Began as an Octopode Shapeshifter on July 21, 2023.
             Was an Initiate of Gozag.
             Slain by a manticore (6 damage)
             ... on level 10 of the Dungeon.
             The game lasted 00:32:40 (8489 turns).

Bnni the Martial Artist (Octopode Shapeshifter)     Turns: 8489, Time: 00:32:40

Health: 0/75       AC:  5    Str: 21    XL:     11   Next: 39%
Magic:  6/11       EV: 15    Int: 14    God:    Gozag
Gold:   823        SH:  0    Dex: 16    Spells: 10/10 levels left

rFire   . . .        d - +9 staff of Olgreb {rPois∞}
rCold   . . .        (no shield)
rNeg    . . .        (helmet currently unavailable)
rPois   ∞            x - amulet of magic regeneration
rElec   +            q - +4 ring of protection
rCorr   +            r - ring of resist corrosion
SInv    .            i - ring of Gasun {rElec Str+7 Int+2 Slay+4 Stlth-}
Will    .....        (no ring)
Stlth   +            (no ring)
HPRegen 0.32/turn    (no ring)
MPRegen 0.52/turn    (no ring)
                     (no ring)

%: no passive effects
@: mighty, brilliant, beast-form, spiked, gold aura, hasted, invisible, very
quick
A: beast (slay +6), almost no armour, amphibious, 8 rings, camouflage 1,
gelatinous body 1, (nimble swimmer 1), tentacles
a: Begin Untransformation, Renounce Religion, Evoke the Staff of Olgreb, Potion
Petition, Call Merchant, Bribe Branch


You were on level 10 of the Dungeon.
You worshipped Gozag.
Gozag was pleased with you.
You were a hulking beast.
You visited 1 branch of the dungeon, and saw 10 of its levels.

You collected 1503 gold pieces.
You paid 680 gold pieces to Gozag.

Inventory:

Hand Weapons
 d - the +9 staff of Olgreb (weapon) {rPois∞}
   (You acquired it on level 2 of the Dungeon)

   It enhances your poison magic.
   It grants immunity to poison.
   It can be activated via the 'a'bility menu to radiate toxic energy, with
   effectiveness depending on Evocations skill.
 u - the +10 dagger of the Dwarven Hall {flame, rPois rN+ Will- Str+7}
   (You found it on level 6 of the Dungeon)

   Str:       It affects your strength (+7).
   rPois:     It protects you from poison.
   rN:        It protects you from negative energy.
   Will:      It decreases your willpower.
Jewellery
 h - a ring of fire
 i - the ring of Gasun (on tentacle) {rElec Str+7 Int+2 Slay+4 Stlth-}
   (You acquired it on level 4 of the Dungeon)

   [ring of slaying]

   Str:       It affects your strength (+7).
   Int:       It affects your intelligence (+2).
   Slay:      It affects your accuracy & damage with ranged weapons and melee
   (+4).
   rElec:     It insulates you from electricity.
   Stlth:     It makes you less stealthy.
 q - a +4 ring of protection (left tentacle)
 r - a ring of resist corrosion (right tentacle)
 w - a ring of ice
 x - an amulet of magic regeneration (around mantle)
Talismans
 b - a beast talisman
Wands
 p - a wand of polymorph (14)
 t - a wand of flame (17)
 A - a wand of quicksilver (2)
Scrolls
 a - 4 scrolls of amnesia
 c - a scroll of enchant weapon {unknown}
 e - 3 scrolls of fear {unknown}
 g - 7 scrolls of teleportation {unknown}
 l - a scroll of poison
 m - 3 scrolls of noise {unknown}
 o - 3 scrolls of revelation
 s - a scroll of immolation {unknown}
 v - a scroll of fog {unknown}
 B - a scroll of enchant armour
Potions
 f - 4 potions of berserk rage
 j - 3 potions of curing
 k - a potion of mutation
 n - 2 potions of brilliance
 z - 2 potions of degeneration {unknown}
 C - a potion of might {unknown}
Miscellaneous
 y - a phantom mirror (inert)


   Skills:
 + Level 7.4 Fighting
 + Level 5.6 Dodging
 * Level 11.2 Unarmed Combat
 * Level 9.3 Shapeshifting


You had 10 spell levels left.
You didn't know any spells.
Your spell library contained the following spells:

 Spells                   Type           Power      Damage    Failure   Level
 Necrotise                Necr           0%         1d4       28%         1


Dungeon Overview and Level Annotations

Branches:
Dungeon (10/15)            Temple (0/1) D:4            Lair (0/5) D:8
    Orc: D:9-12

Altars:
Cheibriados
Dithmenos
Elyvilon
Fedhas
Gozag
Hepliaklqana
Kikubaaqudgha
Makhleb
Qazlal
Ru
Sif Muna
Vehumet
Yredelemnul
The Shining One

Shops:
D:3 (

Annotations:
D:10 Sonja


Innate Abilities, Weirdness & Mutations

You are a hulking beast.
Your limbs bulge with bestial killing power. (Slay +6)
You cannot wear most types of armour.
You are amphibious.
You can wear up to eight rings at the same time.
Your skin changes colour to match your surroundings (Stealth+).
Your rubbery body absorbs attacks. (AC +1, EV +1)
((You are camouflaged when in or above water. (Stealth+)))
You have tentacles for arms and can constrict up to eight enemies at once.


Message History

The orc wizard looks even sicker.
The orc wizard is poisoned.
Your toxic aura wanes.
The orc wizard barely misses you.
The manticore flicks its tail.
The volley of spikes misses you.
Unknown command.
Unknown command.
Sonja casts a spell.
Sonja blinks!
The orc wizard gestures at you while chanting.
You easily resist.
The manticore flicks its tail.
The volley of spikes hits you!!
The barbed spikes become lodged in your body.
* * * LOW HITPOINT WARNING * * *
You feel better.
The orc wizard hits you from afar with a +0 glaive!!
* * * LOW HITPOINT WARNING * * *
Sonja casts a spell.
Sonja blinks!
Unknown command. [a] - 598 gold - haste, brilliance, invisibility and might [b] - 520 gold - haste and resistance [c] - 360 gold - brilliance and magic Purchase which effect?
You feel yourself speed up.
You feel clever all of a sudden.
You fade into invisibility!
You feel very mighty all of a sudden. The orc wizard closely misses you.
The manticore misses you. The manticore barely misses you.
The manticore claws you.
* * * LOW HITPOINT WARNING * * *
The orc wizard is distracted by your dazzling golden aura.
Sonja is engulfed in poison gas.
Sonja looks even sicker.
Sonja is distracted by your dazzling golden aura.
You feel better.
The orc wizard is no longer distracted by gold.
The orc wizard looks more healthy.
The orc wizard closely misses you. The manticore misses you.
The manticore claws you.
You die...
Your body crumbles into a pile of gold. #..# #.# #..# ... #..# #o# #..## K.. #...# ##.## #...# oW.

########...#
###H#####........<##
#..h..##....##...##
#..###.###.......####
#.........#####..#####
#..####.#.########......
...........>.......
####..############..
#... ### #... #....


You could see a manticore (unable to see you, very poisoned), a freezing wraith,
Sonja (unaware, unable to see you, very poisoned) and 2 orc wizards.

Vanquished Creatures
  A centaur warrior (D:10)
  A boulder beetle (D:10)
  2 two-headed ogres
  An orc knight (D:10)
  Maggie (D:6)
  Grinder (D:5)
  A hornet (D:9)
  Sigmund (D:2)
  A wraith (D:7)
  A wyvern (D:9)
  A steam dragon (D:8)
  Edmund (D:5)
  2 water moccasins
  3 ice beasts
  2 orc warriors
  3 sky beasts
  3 ogres
  3 black bears
  4 centaurs
  Blork the orc (D:6)
  6 scorpions
  7 bullfrogs
  A gnoll sergeant (D:9)
  5 wights (D:6)
  2 howler monkeys (D:9)
  5 hounds
  4 orc priests
  Crazy Yiuf (D:3)
  An iron imp (D:8)
  2 jellies (D:6)
  5 iguanas
  13 orc wizards
  Natasha (twice) (D:3)
  Robin (D:4)
  3 gnolls (D:9)
  3 adders (D:6)
  5 white imps
  A worm (D:5)
  3 dart slugs
  27 orcs
  5 ball pythons
  7 endoplasms
  3 giant cockroaches
  12 goblins
  8 hobgoblins
  3 jackals (D:2)
  6 kobolds
  6 quokkas
  4 bats
  4 frilled lizards
  3 rats
192 creatures vanquished.

Vanquished Creatures (collateral kills)
  An ugly thing (D:10)
  A manticore (D:10)
2 creatures vanquished.

Grand Total: 194 creatures vanquished

Notes
Turn   | Place    | Note
-------+----------+-------------------------------------------
     0 | D:1      | Bnni the Octopode Shapeshifter began the quest for the Orb.
     0 | D:1      | Reached XP level 1. HP: 13/13 MP: 1/1
    72 | D:1      | Reached XP level 2. HP: 18/18 MP: 2/2
   437 | D:1      | Reached XP level 3. HP: 21/23 MP: 3/3
   510 | D:1      | Found a faded altar of an unknown god.
   840 | D:2      | Noticed Sigmund
   850 | D:2      | Killed Sigmund
   851 | D:2      | Reached skill level 4 in Unarmed Combat
   851 | D:2      | Reached XP level 4. HP: 27/30 MP: 4/4
   851 | D:2      | Reached XP level 5. HP: 32/35 MP: 5/5
  1060 | D:2      | Identified the +8 hand axe of Stickiness {spect, Fly rPois
                  | Str-2 Dex+2}
  1104 | D:2      | Identified 2 scrolls of acquirement
  1106 | D:2      | Acquired the +9 staff of Olgreb {rPois∞}
  1106 | D:2      | Found the +9 staff of Olgreb {rPois∞}
  1153 | D:2      | Reached skill level 5 in Unarmed Combat
  1153 | D:2      | Reached XP level 6. HP: 41/41 MP: 2/6
  1598 | D:3      | Noticed Natasha
  1601 | D:3      | Killed Natasha
  1681 | D:3      | Found Vuxuejit's Antique Weapon Shop.
  2201 | D:3      | Found a runed translucent door.
  2202 | D:3      | Noticed Crazy Yiuf
  2211 | D:3      | Killed Crazy Yiuf
  2519 | D:3      | Noticed Natasha
  2562 | D:3      | Killed Natasha
  2837 | D:4      | Reached XP level 7. HP: 46/46 MP: 7/7
  3071 | D:4      | Found an opulent altar of Gozag.
  3076 | D:4      | Became a worshipper of Gozag Ym Sagoz the Greedy
  3282 | D:4      | Reached skill level 6 in Unarmed Combat
  3435 | D:4      | Found a staircase to the Ecumenical Temple.
  3584 | D:4      | Noticed Robin
  3593 | D:4      | Killed Robin
  3706 | D:4      | Found a hazy altar of Hepliaklqana.
  3965 | D:4      | Acquired the ring of Gasun {rElec Str+7 Int+2 Slay+4
                  | Stlth-}
  3969 | D:5      | Entered Level 5 of the Dungeon
  4177 | D:5      | Found a white marble altar of Elyvilon.
  4230 | D:5      | Noticed Grinder
  4239 | D:5      | Paralysed by Grinder for 3 turns
  4245 | D:5      | Killed Grinder
  4246 | D:5      | Reached skill level 5 in Shapeshifting
  4246 | D:5      | Reached XP level 8. HP: 54/54 MP: 8/8
  4484 | D:5      | Reached skill level 7 in Unarmed Combat
  4557 | D:5      | Noticed Edmund
  4565 | D:5      | Killed Edmund
  4683 | D:5      | Found a radiant altar of Vehumet.
  4696 | D:5      | Found an ancient bone altar of Kikubaaqudgha.
  4735 | D:5      | Got Kikubaaqudgha's Teachings on Blasphemous Spells
  4746 | D:5      | Found a shimmering blue altar of Sif Muna.
  5019 | D:6      | Noticed Blork the orc
  5026 | D:6      | Killed Blork the orc
  5039 | D:6      | Reached skill level 5 in Fighting
  5039 | D:6      | Reached skill level 8 in Unarmed Combat
  5039 | D:6      | Reached XP level 9. HP: 21/61 MP: 2/9
  5446 | D:6      | Noticed Maggie
  5451 | D:6      | Killed Maggie
  5640 | D:6      | Reached skill level 9 in Unarmed Combat
  5739 | D:6      | Found a blossoming altar of Fedhas.
  5784 | D:6      | Identified the +10 dagger of the Dwarven Hall {flame, rPois
                  | rN+ Will- Str+7}
  6050 | D:7      | Reached XP level 10. HP: 64/68 MP: 6/10
  6550 | D:7      | Found a basalt altar of Yredelemnul.
  6781 | D:8      | Found a snail-covered altar of Cheibriados.
  6836 | D:8      | Found a staircase to the Lair.
  6879 | D:8      | Found a stormy altar of Qazlal.
  6898 | D:8      | Noticed a two-headed ogre
  6910 | D:8      | Killed a two-headed ogre
  6911 | D:8      | Reached skill level 10 in Unarmed Combat
  7359 | D:8      | Found a glowing golden altar of the Shining One.
  7971 | D:9      | Noticed a two-headed ogre
  7984 | D:9      | Killed a two-headed ogre
  8290 | D:9      | Reached skill level 5 in Dodging
  8292 | D:9      | Reached XP level 11. HP: 66/75 MP: 9/11
  8293 | D:9      | Found a burning altar of Makhleb.
  8325 | D:9      | Found a sacrificial altar of Ru.
  8328 | D:9      | Found a shadowy altar of Dithmenos.
  8424 | D:10     | Entered Level 10 of the Dungeon
  8466 | D:10     | Noticed a boulder beetle
  8467 | D:10     | Noticed a centaur warrior
  8467 | D:10     | Noticed a manticore
  8467 | D:10     | Noticed an orc knight
  8468 | D:10     | Noticed Sonja
  8473 | D:10     | Noticed a brown ugly thing
  8473 | D:10     | Noticed a manticore
  8478 | D:10     | Killed a boulder beetle
  8479 | D:10     | Killed an orc knight
  8480 | D:10     | Reached skill level 11 in Unarmed Combat
  8480 | D:10     | Killed a brown ugly thing
  8481 | D:10     | Killed a manticore
  8485 | D:10     | Killed a centaur warrior
  8488 | D:10     | HP: 1/75 [manticore (6)]
  8489 | D:10     | Slain by a manticore

Illustrated notes

Levels and vault maps discovered:
D:1:      dpeg_arrival_erosion, layout_basic, ebering_ecumenical_altar_rust
D:2:      cheibrodos_pilgrimage, layout_loops_ring, uniq_sigmund
D:3:      layout_basic, serial_shops, shop, uniq_natasha,
          uniq_crazy_yiuf_cottage
D:4:      layout_basic, nicolae_hepliaklqana_hippocampus,
          nicolae_gozag_cash_rules_everything_around_me,
          minmay_temple_entry_nine_rooms, corner_web_ring, grunt_ministairs_8,
          uniq_robin
D:5:      layout_basic, palyth_temple_overflow_mages, elyvilon_altar_1,
          minmay_misc_feat_secret_circle, uniq_grinder, uniq_edmund
D:6:      cheibrodos_iron_armory, layout_loops_ring, lemuel_doored_altar,
          kennysheep_flooded_box, minmay_bent, uniq_maggie, uniq_blork_the_orc
D:7:      layout_cave_pools, mainiacjoe_overflow_tiny_flanked
D:8:      layout_loops_ring, mainiacjoe_overflow_small_starburst, slow_altar_1,
          kennysheep_mini, dpeg_oklobed_lair
D:9:      layout_basic, grunt_temple_overflow_open,
          chequers_serial_rivers_micro_d
D:10:     minmay_the_grid_octo_tiled_squarecenter [minmay_the_grid_octo_chip,
          minmay_the_grid_octo_teeth, minmay_the_grid_octo_horde,
          minmay_the_grid_octo_shrine,
          minmay_the_grid_square_5x5_megaprize_crossed,
          minmay_the_grid_square_5x5_checkered_statues,
          minmay_the_grid_square_5x5_shrine1, minmay_the_grid_square_5x5_tie,
          minmay_the_grid_square_5x5_almost_minimal], layout_rooms,
          marbit_many_paths, kennysheep_orc_monster_closet_entryway,
          serial_shops, nicolae_shop_tiny_real_fake_doors, uniq_sonja

Skill      XL: |  1  2  3  4  5  6  7  8  9 10 11 |
---------------+----------------------------------+-----
Fighting       | 2 3 4 5 6 7 |  7.4
Unarmed Combat | 4 5 6 8 9 10 11 | 11.2
Shapeshifting  | 4 5 6 7 8 9 |  9.3
Dodging        | 3 5 |  5.6

Action                     |  1- 3 |  4- 6 |  7- 9 | 10-12 || total
---------------------------+-------+-------+-------+-------++-------
  Melee: Unarmed           |    32 |    14 |    27 |    24 ||    97
         Tentacles         |     8 |     6 |    25 |    16 ||    55
         Constrict         |     7 |    12 |    35 |    13 ||    67
         Punch             |     1 |     4 |     7 |     6 ||    18
         Staff             |       |    45 |    98 |    60 ||   203
 Invoke: Potion Petition   |       |       |       |     1 ||     1
Ability: Evoke the Staff o |       |     4 |    13 |    17 ||    34
  Evoke: Phantom mirror    |       |       |       |     1 ||     1
    Use: Potion            |     1 |     1 |     5 |     3 ||    10
         Scroll            |       |     9 |     1 |     4 ||    14
   Stab: Sleeping          |     8 |     9 |     5 |     1 ||    23
         Invisible         |     2 |       |       |       ||     2
         Distracted        |       |       |     2 |       ||     2
 Armour: Skin              |     1 |     7 |    24 |    23 ||    55
  Dodge: Dodged            |     7 |    15 |    65 |    75 ||   162

Table legend: (Time is in decaauts)
 A = Elapsed time spent in this place.
 B = Non-inter-level travel time spent in this place.
 C = Inter-level travel time spent in this place.
 D = Time resting spent in this place.
 E = Time spent auto-exploring this place.
 F = Levels seen in this place.
 G = Mean time per level.
                   A        B        C        D        E       F      G
               +--------+--------+--------+--------+--------+-----+--------+
         Total |   8508 |   8247 |    261 |     54 |   7054 |  10 |  850.8 |
       Dungeon |   8508 |   8247 |    261 |     54 |   7054 |  10 |  850.8 |
               +--------+--------+--------+--------+--------+-----+--------+

Top non-repeatable levels by time:
     D:4: 1329 daAuts
     D:6: 1226 daAuts
     D:3: 1101 daAuts
     D:8: 911 daAuts
     D:5: 840 daAuts
     D:1: 837 daAuts
     D:9: 751 daAuts
     D:7: 735 daAuts
     D:2: 709 daAuts
    D:10: 65 daAuts
